 Dungeon Crawl Stone Soup version 0.29.1-15-g9cfb28693d (webtiles) character file.

Game seed: 12663964746410217621

9 Ast3rio the Stinger (level 2, 11/15 HPs)
             Began as a Deep Elf Venom Mage on Mar 9, 2023.
             Quit the game on level 1 of the Dungeon on Mar 10, 2023.
             The game lasted 00:01:53 (608 turns).

Ast3rio the Stinger (Deep Elf Venom Mage)            Turns: 608, Time: 00:01:53

Health: 11/15      AC:  5    Str:  5    XL:     2   Next: 3%
Magic:  5/8        EV:  9    Int: 19    God:
Gold:   39         SH:  0    Dex: 15    Spells: 6/7 levels left

rFire   . . .      SeeInvis .   (no weapon)
rCold   . . .      Faith    .   (no shield)
rNeg    + . .      Spirit   .   c - +0 ring mail {rN+}
rPois   .          Reflect  .   (no helmet)
rElec   .          Harm     .   (no cloak)
rCorr   .          Rampage  .   (no gloves)
Will    .....                   (no boots)
Stlth   ++........              (no amulet)
HPRegen 0.05/turn               (no ring)
MPRegen 0.11/turn               (no ring)

@: no status effects
A: no striking features
a: no special abilities


You were on level 1 of the Dungeon.
You visited 1 branch of the dungeon, and saw 1 of its levels.

You collected 39 gold pieces.

Inventory:

Armour
 a - a +0 robe
 c - a +0 ring mail of positive energy (worn)
Jewellery
 e - a ring of positive energy
Scrolls
 d - a scroll of enchant weapon {unknown}
Potions
 b - a potion of magic


   Skills:
 + Level 2.6 Dodging
 + Level 2.5 Stealth
 + Level 3.2 Spellcasting
 + Level 1.1 Transmutations
 + Level 3.6 Poison Magic


You had 6 spell levels left.
You knew the following spells:

 Your Spells              Type           Power      Damage    Failure   Level
a - Sting                 Tmut/Pois      48%        1d5       26%         1

Your spell library contained the following spells:

 Spells                   Type           Power      Damage    Failure   Level
 Poisonous Vapours        Pois/Air       20%        N/A       45%         2
 Mephitic Cloud           Conj/Pois/Air  7%         N/A       78%         3
 Olgreb's Toxic Radiance  Pois           16%        N/A       85%         4


Dungeon Overview and Level Annotations

Branches:
Dungeon (1/15)

Altars:


Message History

You hit the quokka.
You kill the quokka!
You have reached level 2!
You start resting.
Your magical contamination has completely faded away.
Okay, then.
You start resting.
Magic restored.
You start resting.
HP restored.
Okay, then.
A hobgoblin comes into view.
The hobgoblin shouts!
A hobgoblin is nearby!
Casting: Sting (safe; 26% risk of failure)
Confirm with . or Enter, or press ? or * to list all spells.
Aiming: Sting (safe; 26% risk of failure)
Press: ? - help, Shift-Dir - straight line, f - hobgoblin
Aim: a hobgoblin (71% to hit)
The sting hits the hobgoblin.
The hobgoblin is poisoned.
The hobgoblin is moderately wounded.
Casting: Sting (safe; 26% risk of failure)
Confirm with . or Enter, or press ? or * to list all spells.
Aiming: Sting (safe; 26% risk of failure)
Press: ? - help, Shift-Dir - straight line, f/p - hobgoblin
Aim: a hobgoblin (moderately wounded, poisoned, 71% to hit)
The sting hits the hobgoblin but does no damage.
The hobgoblin looks even sicker.
The hobgoblin is moderately wounded.
The hobgoblin hits you.
Unknown command.
Casting: Sting (safe; 26% risk of failure)
Confirm with . or Enter, or press ? or * to list all spells.
Aiming: Sting (safe; 26% risk of failure)
Press: ? - help, Shift-Dir - straight line, f/p - hobgoblin
Aim: a hobgoblin (moderately wounded, very poisoned, 71% to hit)
The sting hits the hobgoblin.
The hobgoblin looks even sicker.
The hobgoblin is severely wounded.
The hobgoblin hits you.
Are you sure you want to abandon this character and quit the game? (Confirm with "yes".)

#######†#.#
.###.......#.#
.......†...#.# .# ..
####......##.#
####.##.#
..........##.#
#.......#
#######......# #
#.......#
#............# #
#...>...#
####.#####......##.#
#.......# #..@..#
##.#.####.#
##.......# #..g..#
#.#.# #.# ...†.....#
#.....# #.#.# #.#
.........# #.....#
##.#.# #.#
.........# #.....#
#..#.# #.#
.........# #.....#
#.##.####.#
.........# #.....#
#.##......†
....#.#### #.....#
#.#######.# ......#
#.# ###.#


You could see a hobgoblin (very poisoned).

Vanquished Creatures
  A ball python (D:1)
  2 endoplasms (D:1)
  A quokka (D:1)
  2 frilled lizards (D:1)
  3 rats (D:1)
9 creatures vanquished.

Notes
Turn   | Place    | Note
-------+----------+-------------------------------------------
     0 | D:1      | Ast3rio the Deep Elf Venom Mage began the quest for the
                  | Orb.
     0 | D:1      | Reached XP level 1. HP: 10/10 MP: 6/6
   428 | D:1      | Reached XP level 2. HP: 7/15 MP: 0/8
   608 | D:1      | Quit the game

Illustrated notes

Levels and vault maps discovered:
D:1:      saegor_arrival_simple_b, layout_basic, minmay_unequal

Action                   || total
-------------------------++-------
Melee: Unarmed           ||    10
 Cast: Sting             ||    19
Armor: Ring mail         ||     6
Dodge: Dodged            ||    11
